 Dungeon Crawl Stone Soup version 0.28-a0-563-gf77a47075d (webtiles) character file.

Game seed: 1556496723763708940

56 sanka the Chiller (level 3, -4/26 HPs)
             Began as a Demigod Ice Elementalist on Sept 29, 2021.
             Killed from afar by Sigmund (8 damage)
             ... with a magic dart
             ... on level 2 of the Dungeon.
             The game lasted 00:04:18 (1503 turns).

sanka the Chiller (Demigod Ice Elementalist)        Turns: 1503, Time: 00:04:19

Health: -4/26      AC:  4    Str:  9    XL:     3   Next: 47%
Magic:  5/8        EV: 12    Int: 21    God:
Gold:   29         SH:  0    Dex: 14    Spells: 2/6 levels left

rFire   . . .      SeeInvis .   h - +0 flail
rCold   . . .      Faith    .   (no shield)
rNeg    . . .      Spirit   .   j - +2 robe {Archmagi}
rPois   .          Reflect  .   (no helmet)
rElec   .          Harm     .   (no cloak)
rCorr   .          Rampage  .   (no gloves)
Will    .....      Archmagi +   (no boots)
Stlth   ++........              (no amulet)
HPRegen 0.08/turn               (no ring)
MPRegen 0.11/turn               (no ring)

@: freezing walls, studying Fighting
A: high mp 1, forlorn
a: no special abilities


You were on level 2 of the Dungeon.
You visited 1 branch of the dungeon, and saw 2 of its levels.

You collected 29 gold pieces.


Innate Abilities, Weirdness & Mutations

Your attributes grow dramatically as you level up.
You have an increased reservoir of magic. (+10% MP)
You shall have no god before yourself.


   Skills:
 - Level 1.7 Dodging
 - Level 1.7 Stealth
 - Level 2.0 Spellcasting
 + Level 4.8 Ice Magic


You had 2 spell levels left.
You knew the following spells:

 Your Spells              Type           Power      Damage    Failure   Level
y - Frozen Ramparts       Ice            66%        1d8       6%          3
z - Freeze                Ice            100%       1d11      1%          1

Your spell library contained the following spells:

 Spells                   Type           Power      Damage    Failure   Level
 Ozocubu's Armour         Ice            33%        N/A       6%          3
 Hailstorm                Conj/Ice       18%        3d6       47%         4

Inventory:

Hand Weapons
 h - a +0 flail (weapon)
Armour
 a - a +0 robe
 j - a +2 robe of the Archmagi (worn)
Scrolls
 b - 2 scrolls of identify {unknown}
 c - a scroll of noise {unknown}
 f - a scroll of magic mapping {unknown}
 i - a scroll of teleportation {unknown}
Potions
 d - 2 potions of brilliance {unknown}
 e - 2 potions of heal wounds {unknown}
 g - a potion of mutation {unknown}

Dungeon Overview and Level Annotations

Branches:
Dungeon (2/15)

Annotations:
D:2 Sigmund

.. ▒@▒▒▒.▒ ..▒▒.▒
▒.▒▒.▒ ▒.▒▒.▒ ▒
▒.▒▒.▒ ▒ ▒.▒▒.▒ ▒
▒..▒.▒ ▒ ▒▒.▒p▒ ▒
▒▒▒▒▒▒▒{..▒ ▒
▒..)..▒▒).▒
▒▒▒▒▒▒▒▒.▒▒▒.▒▒..▒
▒▒.........▒.▒▒..▒
▒......▒.▒...▒▒..▒
▒..▒▒▒.▒.▒▒▒▒▒▒▒.▒
▒...<▒..........>▒
..▒▒▒▒▒▒....▒▒▒▒▒▒


There were no monsters in sight!


Message History

You kill the adder!
You can't see any susceptible monsters within range! (Use Z to cast anyway.)
You start resting.
HP restored.
Magic restored.
Sigmund the Dreaded comes into view.
He is wielding a +0 scythe.
Sigmund is nearby!
Sigmund is nearby!
Sigmund is nearby!
The spell is quite dangerous to cast (6% risk of failure)!
Continue anyway?
The walls around you are covered in ice.
The wall freezes Sigmund.
Sigmund closely misses you.
The wall freezes Sigmund.
Sigmund hits you from afar with a +0 scythe.
The wall freezes Sigmund.
Sigmund hits you from afar with a +0 scythe!
* * * LOW HITPOINT WARNING * * *
The wall freezes Sigmund.
Sigmund casts a spell.
Sigmund flickers and vanishes!
Deactivating autopickup; reactivate with Ctrl-A.
Unknown command.
The wall freezes something.
Something hits you!
* * * LOW HITPOINT WARNING * * *
The wall freezes something!
A magic dart appears from out of thin air!
The magic dart hits you!
You die...

Action                   || total
-------------------------++-------
Melee: Flail             ||     9
 Cast: Freeze            ||    52
       Frozen Ramparts   ||     1
Armor: Robe              ||     9
Dodge: Dodged            ||    47

Levels and vault maps discovered:
D:1:      nicolae_arrival_somewhat_less_tricky_arrival, layout_rooms,
          dreamdust_ecumenical_altar_angels_and_demons
D:2:      layout_basic, serial_shops, nicolae_shop_behind_doors,
          lemuel_another_geyser, uniq_natasha, uniq_terence, uniq_sigmund

Notes
Turn   | Place    | Note
-------+----------+-------------------------------------------
     0 | D:1      | sanka the Demigod Ice Elementalist began the quest for the
                  | Orb.
     0 | D:1      | Reached XP level 1. HP: 14/14 MP: 5/5
   236 | D:1      | Reached skill level 2 in Spellcasting
   363 | D:1      | Reached skill level 4 in Ice Magic
   363 | D:1      | Reached XP level 2. HP: 17/20 MP: 1/7
  1127 | D:1      | Identified a +2 robe of the Archmagi
  1177 | D:2      | Reached XP level 3. HP: 24/26 MP: 3/8
  1198 | D:1      | Learned a level 3 spell: Frozen Ramparts
  1483 | D:2      | Noticed Sigmund
  1503 | D:2      | Killed from afar by Sigmund

Vanquished Creatures
  An adder (D:2)
  A gnoll (D:1)
  A dart slug (D:2)
  2 endoplasms (D:1)
  2 giant cockroaches (D:1)
  4 goblins
  2 hobgoblins
  3 jackals (D:2)
  A quokka (D:1)
  3 ball pythons
  3 bats (D:1)
  3 frilled lizards
  7 kobolds
  2 rats (D:1)
35 creatures vanquished.
